Cogmind - Beta 14 @@@ ROGUE MODE // 2024.11.10 @ 16:27:48 Player: Fangrelle Result: Destroyed by 3H-65E(R) with Subdweller Laser Performance ------------- Evolutions (0) 0 Regions Visited (2) 400 Robots Destroyed (34) 170 Value Destroyed (813) 813 Prototype IDs (13) 260 Alien Tech Used (0) 0 Bonus (-51) -51 TOTAL SCORE: 1592 Bonus ------- Friendly Fire -51 Cogmind --------- Core Integrity 0/250 Matter 81/300 Energy 56/100 System Corruption 4% Temperature Cool (6) Movement Treading (240) Ox1 Location -10/Subcaves Parts ------- > --- POWER (1) -------- (None) > --- PROPULSION (2) --- Light Treads (fused) > --- UTILITY (2) ------ Large Storage Unit Structural Scanner > --- WEAPON (2) ------- Subdweller Beam Cannon Grenade Launcher > --- INVENTORY (15) --- Compact Wheel Subdweller Monowheel Large Storage Unit Terrain Scanner Cobbler Unit Rainbow Chip Subdweller Beam Cannon Subdweller Machine Gun Heavy Battle Rifle Datajack Mining Laser Hammer Peak State ------------ > --- POWER ------------ (None) > --- PROPULSION ------- Light Treads Light Treads > --- UTILITY ---------- Large Storage Unit Backup Plating I > --- WEAPON ----------- EM Pulse Gun Heavy Battle Rifle > --- INVENTORY -------- Light Treads Compact Wheel Large Storage Unit Terrain Scanner Cobbler Unit Light Assault Rifle Grenade Launcher Grenade Launcher Datajack Mining Laser Hammer [Rating: 10] Favorites ----------- Power Subdweller Power Source Engine Subdweller Power Source Propulsion Light Treads Treads Light Treads Leg Aluminum Leg Utility Large Storage Unit Device Structural Scanner Storage Large Storage Unit Protection Backup Plating I Weapon Grenade Launcher Energy Gun EM Pulse Gun Energy Cannon Subdweller Beam Cannon Ballistic Gun Light Assault Rifle Launcher Grenade Launcher Special Weapon Mining Laser Impact Weapon Hammer Build | -11 -10 -10 ------- Run | Yrd Mat Sub Slots Evolved . | . . . Power . | . . . Propulsion . | . . . Utility . | . . . Weapon . | . . . Parts Attached 39 | . 21 18 Power 3 | . 2 1 Engine 3 | . 2 1 Core . | . . . Reactor . | . . . Propulsion 4 | . 3 1 Treads 4 | . 3 1 Leg . | . . . Wheel . | . . . Hover . | . . . Flight . | . . . Utility 6 | . 3 3 Device 2 | . . 2 Storage 1 | . 1 . Processor . | . . . Hackware . | . . . Protection 3 | . 2 1 Artifact . | . . . Weapon 26 | . 13 13 Energy Gun 3 | . 2 1 Energy Cannon 1 | . . 1 Ballistic Gun 8 | . 5 3 Ballistic Cannon . | . . . Launcher 10 | . 4 6 Special Weapon 1 | . 1 . Impact Weapon 3 | . 1 2 Slashing Weapon . | . . . Piercing Weapon . | . . . Special Melee Weapon . | . . . Unidentified Prototypes . | . . . Parts Lost 9 | . 3 6 Power 1 | . 1 . Propulsion 2 | . . 2 Utility 2 | . 1 1 Weapon 4 | . 1 3 Highest Loss Streak 2 | . 1 2 To Critical Strikes . | . . . Average Slot Usage (%) 77 | . 89 73 Engine 3 | . 7 2 Treads 19 | . 25 16 Device 2 | . . 3 Storage 14 | . 14 14 Protection 10 | . 10 9 Energy Gun 7 | . 9 7 Energy Cannon 2 | . . 3 Ballistic Gun 5 | . 14 1 Launcher 9 | . 2 11 Impact Weapon 1 | . . 1 Peak Build Rating 10 | . 7 10 Average Rating 7 | . 6 7 On Entrance 6 | 6 6 6 Naked Turns . | . . . Heaviest Build 32 | 12 26 32 Greatest Support 40 | 20 40 40 Greatest Overweight (x) 8 | . . 8 Average Overweight (x) . | . . . Largest Inventory Capacity 15 | . 15 15 Average Capacity 13 | . 8 15 Most Carried 15 | . 9 15 Average Carried 11 | . 6 12 Final Capacity 15 | 8 15 15 Final Carried 13 | 6 9 13 Class Distribution -------------------- 100% | Mutant Dominant Class ---------------- Mutant | -10/Materials Mutant | -10/Subcaves Resources | -11 -10 -10 ----------- Run | Yrd Mat Sub Matter Collected 926 | 200 176 550 Remotely . | . . . Salvage Created 815 | . 516 299 Parts 70 | . 55 15 Haulers Intercepted 1 | . 1 . Recyclers Shooed 1 | . 1 . Parts Field Recycled . | . . . Retrieved Matter . | . . . Parts Self-Destructed 10 | . . 10 Prevented . | . . . Kills | -11 -10 -10 ------- Run | Yrd Mat Sub Combat Hostiles Destroyed 25 | . 17 8 Guns 11 | . 10 1 AOE 14 | . 7 7 Classes Destroyed 10 | . 7 3 Worker 2 | . 2 . Tunneler 1 | . 1 . Hauler 1 | . 1 . Operator 2 | . 2 . Watcher 3 | . 3 . Swarmer 9 | . 9 . Grunt 8 | . 8 . Artisan 1 | . . 1 Cobbler 1 | . . 1 Subdweller 8 | . . 8 Best Kill Streak 8 | . 8 2 Combat Bots Only 6 | . 6 2 Max Kills in Single Turn 3 | . 3 1 Gunslinging . | . . . Exploded 2 | . 2 1 Melee . | . . . Uniques/NPCs Destroyed . | . . . Combat | -11 -10 -10 -------- Run | Yrd Mat Sub Hostile Shots Fired 102 | . 69 33 Missed 30 | . 18 12 Damage Taken 1316 | . 606 710 Core 254 | . 108 146 Absorbed by Shields . | . . . Core Remaining (%) 100 | 100 . . Volleys Fired 101 | . 54 47 Largest 2 | . 2 2 Hottest 110 | . 100 110 Shots Fired 167 | . 100 67 Gun 115 | . 89 26 Cannon 8 | . . 8 Launcher 41 | . 8 33 Special 3 | . 3 . Kinetic 43 | . 42 1 Thermal 57 | . 49 8 Explosive 41 | . 8 33 Electromagnetic 26 | . 1 25 Robot Hit Streak 9 | . 7 9 Robot Miss Streak 4 | . 4 4 Penetration Max . | . . . Secondary Targets 1 | . 1 . Max Gunslinging Chain 1 | . 1 . Shots Hit Robots 83 | . 48 35 Core Hits 61 | . 39 22 Critical Kills . | . . . Critical Parts Destroyed 1 | . 1 . Critical Strikes 3 | . 3 . Burn 2 | . 2 . Destroy 1 | . 1 . Melee Attacks 4 | . . 4 Impact 4 | . . 4 Slashing . | . . . Piercing . | . . . Sneak Attacks . | . . . Combat Hostiles . | . . . Follow-up Attacks . | . . . Damage Inflicted 2392 | . 1012 1380 Guns 702 | . 521 181 Cannons 145 | . . 145 Explosions 1545 | . 491 1054 Melee . | . . . Ramming . | . . . Kinetic 199 | . 180 19 Thermal 486 | . 341 145 Explosive 1545 | . 491 1054 Electromagnetic 162 | . . 162 Impact . | . . . Slashing . | . . . Piercing . | . . . Highest Corruption 4 | . 4 4 Average Corruption 3 | . 3 4 Corruption Purged . | . . . Corruption Blocked . | . . . Effects 78 | . 6 72 Message Errors 18 | . . 18 Matter Fused 19 | . 4 15 Heat Flow Errors 7 | . 1 6 Energy Discharges 12 | . 1 11 Parts Fused 1 | . . 1 Data Loss (minor) 10 | . . 10 Data Loss (major) 5 | . . 5 Misfires 2 | . . 2 Alerts 2 | . . 2 Weapon Failures 2 | . . 2 Overload Shots . | . . . Overflow Damage 35 | . . 35 Projectiles . | . . . Explosions 35 | . . 35 Melee . | . . . Knockbacks . | . . . Impact . | . . . Kinetic . | . . . Secondary . | . . . Self-Inflicted Damage 296 | . 118 178 Shots 13 | . 4 9 Rammed . | . . . Targets Rammed . | . . . Kicked . | . . . Crushed . | . . . Highest Temperature 424 | . 424 253 Average Temperature 120 | . 125 97 Received Heat Transfer 270 | . 174 96 Effects 2 | . 2 . Energy Bleed 1 | . 1 . Short Circuit 1 | . 1 . Siege Activations . | . . . Robots Corrupted 1 | . . 1 Combat Hostiles . | . . . Parts Fried . | . . . Impact Corruptions . | . . . Robots Melted . | . . . Combat Hostiles . | . . . Parts Melted 1 | . 1 . Heat Transferred 1214 | . 1029 185 Parts Sabotaged . | . . . Parts Stolen . | . . . Parts Stripped . | . . . Power Chain Reactions . | . . . Alert | -11 -10 -10 ------- Run | Yrd Mat Sub Peak Influence 382 | . 382 . Initial . | . . . Average 225 | . 225 . Maximum Alert Level 1 | . 1 . Low Security (%) 34 | . 34 . Level 1 65 | . 65 . Level 2 . | . . . Level 3 . | . . . Level 4 . | . . . Level 5 . | . . . High Security . | . . . Max Security . | . . . Squads Dispatched 5 | . 5 . Investigation 4 | . 4 . Extermination . | . . . Reinforcement 1 | . 1 . Assault . | . . . Garrison . | . . . Intercept . | . . . Searches Triggered . | . . . Construction Impeded . | . . . Haulers Reinforced . | . . . Active Scanning Responses . | . . . Cargo Convoy Interrupts . | . . . Stealth | -11 -10 -10 --------- Run | Yrd Mat Sub Distress Signals 3 | . 3 . Communications Jammed . | . . . Distress Signals . | . . . Times Spotted 35 | . 26 9 Peak Tracking Total 7 | . 7 2 Tactical Retreats . | . . . Traps | -11 -10 -10 ------- Run | Yrd Mat Sub Traps Triggered 5 | . 4 1 Indirectly . | . . . Trap Hack Attempts . | . . . Triggered . | . . . Disarmed . | . . . Reprogrammed 2 | . 2 . Reused . | . . . Traps Extracted . | . . . Installed . | . . . Triggered . | . . . Machines | -11 -10 -10 ---------- Run | Yrd Mat Sub Machines Disabled 7 | . 4 3 Max in Single Turn 2 | . 2 2 Machines Repaired . | . . . Machines Dismantled . | . . . Machines Sabotaged . | . . . Overloaded Fab Kills . | . . . Hacking | -11 -10 -10 --------- Run | Yrd Mat Sub Machines Accessed 9 | . 8 1 Terminals 7 | . 7 . Fabricators . | . . . Repair Stations . | . . . Recycling Units 1 | . 1 . Scanalyzers . | . . . Garrison Access . | . . . Total Hacks 27 | . 26 1 Successful 15 | . 14 1 Failed 12 | . 12 . Catastrophic . | . . . Database Lockouts . | . . . Manual 25 | . 25 . Terminals 24 | . 24 . Fabricators . | . . . Repair Stations . | . . . Recycling Units 2 | . 2 . Scanalyzers . | . . . Garrison Access . | . . . Terminal Hacks 6 | . 5 1 Robot Analysis 2 | . 2 . Prototype ID Bank 1 | . 1 . Reprogram Traps 1 | . 1 . Zone Layout 1 | . 1 . Derelict Proto ID Bank 1 | . . 1 Fabricator Hacks . | . . . Repair Station Hacks . | . . . Recycling Unit Hacks 1 | . 1 . Report Inventory 1 | . 1 . Scanalyzer . | . . . Garrison Access Hacks . | . . . Unauthorized Hacks 8 | . 8 . Terminals 7 | . 7 . Botnet 5 | . 5 . Operators 1 | . 1 . Skim 1 | . 1 . Fabricators . | . . . Repair Stations . | . . . Recycling Units 1 | . 1 . Tunnel 1 | . 1 . Scanalyzers . | . . . Garrison Access . | . . . Data Cores Recovered 1 | . 1 . Used . | . . . Hacking Detections 6 | . 6 . Full Trace Events 3 | . 3 . Feedback Events . | . . . Feedback Blocked . | . . . Robot Schematics Acquired . | . . . Robots Built . | . . . Authchips . | . . . Time . | . . . Total Robot Build Rating . | . . . Part Schematics Acquired . | . . . Parts Built . | . . . Authchips . | . . . Time . | . . . Total Part Build Rating . | . . . Parts Repaired . | . . . Time . | . . . Parts Recycled . | . . . Recycled Matter . | . . . Retrieved Matter . | . . . Retrieved Components . | . . . Parts Scanalyzed . | . . . Part Schematics Acquired . | . . . Parts Damaged . | . . . Bothacking | -11 -10 -10 ------------ Run | Yrd Mat Sub Used RIF Installer . | . . . Robots Hacked . | . . . Non-combat . | . . . Combat . | . . . Robot Hacks Applied . | . . . Relay Couplers Released . | . . . Fabnet Peak Effective % . | . . . Robots Rewired . | . . . Allies Hacked . | . . . Hacks Repelled . | . . . Allies | -11 -10 -10 -------- Run | Yrd Mat Sub Total Allies . | . . . Largest Group . | . . . Highest-Rated Group . | . . . Highest-Rated Ally . | . . . Total Orders . | . . . Ally Attacks . | . . . Total Damage . | . . . Kills . | . . . Allies Corrupted . | . . . Allies Melted . | . . . Intel | -11 -10 -10 ------- Run | Yrd Mat Sub Robot Analysis Total 2 | . 2 . Derelict Logs Recovered 1 | . . 1 Drone Launches . | . . . Drone Recoveries . | . . . Exploration | -11 -10 -10 ------------- Run | Yrd Mat Sub Turns Passed 4537 | . 1267 3270 Spaces Moved 2076 | 1 685 1390 Core 82 | . . 82 Treads 1914 | . 606 1308 Legs 80 | 1 79 . Wheels . | . . . Hover . | . . . Flight . | . . . Fastest Speed 120 | 120 120 160 Average Speed 196 | 120 155 216 Slowest Speed 450 | 120 160 450 Overloaded Moves . | . . . Propulsion Burnouts . | . . . Robots Hopped . | . . . Cave-ins Triggered . | . . . Exploration Rate (%) 56 | 2 91 75 Regions Visited 2 Branch Regions 1 Pre-discovered Areas 1 | . 1 . Known Exits Taken . | . . . Unknown Exits Taken 2 | 1 1 . Scrap Searched . | . . . Spaces Dug 2 | . 2 . Terrain Destroyed 183 | . 45 138 Melee . | . . . Projectile 3 | . 2 1 AOE 180 | . 43 137 Terrain Rammed . | . . . Walls Destroyed . | . . . Machines Disabled . | . . . Actions | -11 -10 -10 --------- Run | Yrd Mat Sub Total 2360 | . 788 1572 Wait 106 | . 7 99 Move 2074 | . 684 1390 Hop . | . . . Pick Up 20 | . 10 10 Fast Attach 5 | . 4 1 Attach 9 | . 2 7 Detach 1 | . . 1 Swap 25 | . 15 10 Drop 15 | . 12 3 Fire 101 | . 54 47 Melee 4 | . . 4 Ram . | . . . Kick . | . . . Crush . | . . . Escape Stasis . | . . . Rewire . | . . . Trap . | . . . Miscellaneous . | . . . Route ------- -11/Scrapyard -10/Materials (discovered 6 exits: [*Mat x3] / [*Min x2] / *Sub) -10/Subcaves (discovered 2 exits: [*Mat x2]) History --------- Turn | Location | Event 1 | -11/Scrapyard | Discovered new exit (range 0) 1 | -11/Scrapyard | Entered Materials 241 | -10/Materials | Discovered new exit (range 16) 315 | -10/Materials | Build established: Mutant 640 | -10/Materials | Discovered new exit (range 15) 771 | -10/Materials | Discovered new exit (range 10) 920 | -10/Materials | Discovered new exit (range 12) 1131 | -10/Materials | Discovered new exit (range 10) 1257 | -10/Materials | Discovered new exit (range 7) 1268 | -10/Materials | Entered Subcaves 1268 | -10/Subcaves | Discovered new exit (range 13) 1278 | -10/Subcaves | Learned 2 Materials zone layouts 2339 | -10/Subcaves | Ambushed by Subdweller buried in earth 2343 | -10/Subcaves | Core integrity fell below 50% 2789 | -10/Subcaves | Shifting Twisted Machinery released Sub. Beam Cannon 3294 | -10/Subcaves | Visited 4L-MR0's lab 3336 | -10/Subcaves | Found Rainbow Chip 3568 | -10/Subcaves | Core integrity fell below 20% 3985 | -10/Subcaves | A swath of the cavern ceiling suddenly collapsed 4524 | -10/Subcaves | Discovered new exit (range 12) 4538 | -10/Subcaves | Destroyed by 3H-65E(R) with Subdweller Laser Last Messages --------------- A swath of the cavern ceiling suddenly collapses. 03998_ System corrupted: FCS attempts to trigger Sub. Beam Cannon. 03998_ System corrupted: Sub. Beam Cannon misfires. 04058_ System corrupted: Matter fused (-6). 04100_ System corrupted: Matter fused (-7). 04113_ Acquired 46 matter. 04117_ System corrupted: Energy discharge (-40). 04118_ Acquired 34 matter. 04163_ System corrupted: Matter fused (-10). 04192_ System corrupted: Matter fused (-8). 04195_ II-SEK(u) tweaks Twisted Machinery. 04233_ System corrupted: Matter fused (-6). 04287_ System corrupted: Energy discharge (-36). 04327_ JS|9QZXR#J34IFYNRIYFMRG69WG GTHIAD1U#T 04338_ SB-X3N(u) tweaks Twisted Machinery. 04368_ System corrupted: Component data lost. 04384_ System corrupted: Substantial component data lost. 04491_ System corrupted: Lgt. Treads fused. 04516_ System corrupted: Heat flow error (+158). 04524_ EXIT=FOUND Map ----- +----------------------------------------------------+ | | | | | | | | | | | ?????????????????????????????????????????????????? | | ?????????????????????????????????????????????????? | | ?????????????????????????????????????????????????? | | ?????????????????????????????????????????????????? | | ?????????????????????????????????????????????????? | | ?????????????????????????????????????????????????? | | ?????????????????????????????????????????????????? | | ?????????????????????????????????????????????????? | | ?????????????????????????????????????????????????? | | ?????????????????????????????????????????????????? | | ?????????????????????????????????????????????????? | | ?????????????????????#########???????????????????? | | ?????????????????????#########???????????????????? | | ????????????????????## #$ $# #???????????????????? | | ???????????????????####$ $##???????????????????? | | ???????????????????### ##???????????????????? | | ????????????????##### # R$ ###??????????????????? | | ???????????########## ###??????????????????? | | ???????????####### # ##??????????????????? | | ???????????## ##??????????????????? | | ????????? < @ ##??????????????????? | | ?????????? ## # # ###??????????????????? | | ??????????????####### # ####??????????????????? | | ?????????????????#### ## ##???????????????????? | | ???????????????????##### ###???????????????????? | | ???????????????????### ## ###???????????????????? | | ???????????????????## ##????????????????????? | | ???????????????###### ##????????????????????? | | ???????????????####### #########???????????????? | | ???????????????## # # ##########???????????????? | | ???????????????### ####### ###??????????????? | | ???????????????## ## ###### ##############???? | | ???????????????### ### #### ##############??? | | ???????????????###?## ##### ####?? | | ???????????????????## ### ###?? | | ???????????????###?## ## ##?? | | ???????????????###? ## ### ##?? | | ???????????????## ## ## ## ##?? | | #####??????????### ### ### ###?? | | # #####??????## #### ##??? | | ##?????## ## ###### ##??? | | #?????## ### ###### ##??? | | ##????## ########??### ## ###??? | | ## #????###### ## ####??###### ###??? | | ?## #????###### ?????######## ####???? | +----------------------------------------------------+ Best States ------------- Heat Dissipation 25 Energy Generation 15 Energy Capacity 250 Matter Stores 300 Matter Capacity 300 Sight Range 16 Terrain Scan Range 14 Terrain Scan Density 10 Armor Coverage 150 Evasion (%) 55 Recoil Reduction 2 Item Schematics ----------------- None Robot Schematics ------------------ None Fabricated ------------ Nothing Alien Tech Used ----------------- None Achievements -------------- None Challenges ------------ None Game ------ Seed ReactionAluminumDeflector Manual? 0 Play Time 00:17:29 Cumulative 45.5 hours Start 2024.11.10 @ 16:07:51 End 2024.11.10 @ 16:27:48 Sessions 1 Manual Loads 0 Difficulty Rogue Special Mode None Game No. 88 Rogue 88 Adventurer 0 Explorer 0 Win Type - Total 0 Types 0/0/0/0/0/0/0/0/0 Lore% 35 Gallery% 30 Achievement% 32 Wizard Run 0 Options --------- Layout 0 ASCII 0 Keyboard 0 Movement Mouse Keybinds 0 Fullscreen 1 Font 24/Smallcaps Map View 183x50 Zoom Use 91% Tactical HUD 1 Map Filters NONE Filters NONE Steam 1 RUN: f6602956-4f02-47ff-bf92-c542102608d0